 Dungeon Crawl Stone Soup version 0.21.1-1-g345015f (webtiles) character file.

35 tyranidshit the Skirmisher (level 3, 15/31 HPs)
             Began as a Demonspawn Abyssal Knight on July 31, 2018.
             Was a Follower of Lugonu.
             Quit the game on level 1 of the Dungeon.
             The game lasted 00:02:38 (504 turns).

tyranidshit the Skirmisher (DsAK)                    Turns: 504, Time: 00:02:39

Health: 15/31      AC: 11    Str: 15      XL:     3   Next: 17%
Magic:  4/4        EV:  6    Int: 11 (13) God:    Lugonu [*.....]
Gold:   24         SH:  0    Dex: 10      Spells: 2/2 levels left

rFire    . . .     SeeInvis .   a - +1 hand axe (flame)
rCold    . . .     Gourm    .   (no shield)
rNeg     + + .     Faith    .   f - +1 chain mail "Vauv" {rN++ Str+2 Slay-4} (curse)
rPois    .         Spirit   .   (no helmet)
rElec    .         Reflect  .   (no cloak)
rCorr    .         Harm     .   (no gloves)
MR       .....                  (no boots)
Stlth    ..........             e - amulet of regeneration
HPRegen  0.10/turn              (no ring)
MPRegen  0.09/turn              (no ring)

@: no status effects
A: thin metallic scales 1, clumsy 1
a: Depart the Abyss, Renounce Religion


You were on level 1 of the Dungeon.
You worshipped Lugonu.
Lugonu was aware of your devotion.
You were not hungry.

You visited 1 branch of the dungeon, and saw 1 of its levels.
You visited the Abyss 1 time.

You collected 24 gold pieces.

Inventory:

Hand Weapons
 a - a +1 hand axe of flaming (weapon)
Armour
 b - a +0 leather armour
 f - the cursed +1 chain mail "Vauv" (worn) {rN++ Str+2 Slay-4}
   (You found it on level 3 of the Abyss)

   It affects your strength (+2).
   It affects your accuracy and damage with ranged weapons and melee attacks
   (-4).
   It greatly protects you from negative energy.
   It has a curse placed upon it.
Jewellery
 e - an amulet of regeneration (around neck)
Comestibles
 c - a ration


   Skills:
 + Level 4.3 Fighting
 - Level 1.7 Axes
 - Level 1.7 Armour
 - Level 0.8 Dodging
 - Level 2.4 Invocations


You had 2 spell levels left.
You didn't know any spells.

Dungeon Overview and Level Annotations

Branches:
Dungeon (1/15)

Altars:


Innate Abilities, Weirdness & Mutations

You are partially covered in thin metallic scales. (AC +2)
You are clumsy. (Dex -2)


Message History

The bat is severely wounded.
The bat closely misses you. The bat hits you but does no damage.
The bat hits you but does no damage.
You barely miss the bat.
The bat is heavily wounded.
The bat hits you but does no damage. The bat hits you but does no damage. x2
The bat hits you but does no damage. x2
The bat barely misses you. The bat hits you but does no damage.
You barely miss the bat. The bat hits you but does no damage.
You barely miss the bat. The bat hits you but does no damage. x2
The bat closely misses you.
You closely miss the bat. The bat barely misses you.
You closely miss the bat. The bat hits you.
The bat hits you but does no damage. The bat hits you but does no damage.
The bat hits you but does no damage.
Are you sure you want to abandon this character and quit the game? (Confirm with "yes".)

#.....######.....#
###..##.#...##.....#
#.......##..##....(#
##+##.#......##.....#
#.....#.####.##...)†#
#.......# #......#.#
#...)...#
#####..#.###
#.......# #..#.#..
#...b.@.# #..#.##.
#.....#.# ...#....
##.####.# #########
#. #.# # #. #.# ## .#
#. ..# #.##.. ..#
#...#. .# ###.#...
### ..#..#†


You could see a bat.

Vanquished Creatures
  An ooze (D:1)
  A dart slug (D:1)
  A leopard gecko (D:1)
  4 giant cockroaches (D:1)
  A goblin (D:1)
  4 hobgoblins (D:1)
  4 jackals (D:1)
  4 kobolds (D:1)
  3 frilled lizards (D:1)
  A rat (D:1)
24 creatures vanquished.

Notes
Turn   | Place    | Note
-------+----------+-------------------------------------------
     0 | Abyss:1  | tyranidshit the Demonspawn Abyssal Knight began the quest for the Orb.
     0 | Abyss:1  | Reached XP level 1. HP: 18/18 MP: 2/2
    32 | Abyss:2  | Found a corrupted altar of Lugonu.
    83 | Abyss:2  | Noticed an orange demon
   100 | Abyss:3  | Noticed a neqoxec
   105 | Abyss:3  | Gained mutation: You are clumsy. (Dex -2) [a neqoxec]
   107 | Abyss:3  | Found a corrupted altar of Lugonu.
   125 | Abyss:3  | Got a steaming chain mail
   126 | D:1      | Escaped the Abyss
   137 | D:1      | Identified the cursed +1 chain mail "Vauv" {rN++ Str+2 Slay-4} (You found it on level 3 of the Abyss)
   191 | D:1      | Gained mutation: You are partially covered in thin metallic scales. (AC +2) [demonic ancestry]
   191 | D:1      | Reached XP level 2. HP: 12/24 MP: 3/3
   216 | D:1      | Reached * piety under Lugonu
   277 | D:1      | Reached skill level 4 in Fighting
   438 | D:1      | Reached XP level 3. HP: 18/30 MP: 4/4
   504 | D:1      | Quit the game

Skill      XL: |  1  2 |
---------------+-------+-----
Fighting       | 4 |  4.3
Axes           | |  1.7
Armour         | |  1.7
Dodging        | |  0.8
Invocations    | |  2.4

Action                   || total
-------------------------++-------
Melee: Hand axe          ||    98
Invok: Depart the Abyss  ||     1
  Use: Scroll            ||     4
       Potion            ||     2
Armor: Chain mail        ||   109
Dodge: Dodged            ||    55
